 Dungeon Crawl Stone Soup version 0.23.2-33-g5129a83184 (webtiles) character file.

Game seed: 16886007813996522063

37 DildoBatman the Magician (level 3, -1/36 HPs)
             Began as a Formicid Wizard on July 23, 2019.
             Slain by an adder (3 damage)
             ... on level 2 of the Dungeon.
             The game lasted 00:02:01 (777 turns).

DildoBatman the Magician (Formicid Wizard)           Turns: 777, Time: 00:02:02

Health: -1/36      AC: 21    Str: 11    XL:     3   Next: 62%
Magic:  4/7        EV:  2    Int: 18    God:
Gold:   54         SH:  0    Dex:  9    Spells: 1/8 levels left

rFire    . . .     SeeInvis .   c - +3 hand axe
rCold    . . .     Gourm    .   (no shield)
rNeg     + + +     Faith    .   (armour currently unavailable)
rPois    +         Spirit   .   (helmet unavailable)
rElec    .         Reflect  .   (cloak currently unavailable)
rCorr    .         Harm     .   (gloves currently unavailable)
MR       .....                  (boots currently unavailable)
Stlth    ++........             (no amulet)
HPRegen  0.12/turn              (no ring)
MPRegen  0.10/turn              (no ring)

@: lethally poisoned (-1 -> -8), tree-form
A: permanent stasis, dig shafts and tunnels, four strong arms
a: no special abilities


You were on level 2 of the Dungeon.
You were not hungry.
You were a tree.
You visited 1 branch of the dungeon, and saw 2 of its levels.

You collected 54 gold pieces.

Inventory:

Hand Weapons
 c - a +3 hand axe (weapon)
 f - a cursed -2 mace
 m - a cursed +0 hand axe
Missiles
 d - 15 sling bullets
 h - 24 arrows
 l - 21 stones (quivered)
 n - 16 bolts
Armour
 a - a +0 robe (melded)
Scrolls
 e - a scroll of teleportation {unknown}
 j - a scroll of remove curse {unknown}
Potions
 g - a potion of curing {unknown}
 i - a potion of lignification
 k - a potion of ambrosia {unknown}
Comestibles
 b - a chunk of flesh
 v - 2 rations


   Skills:
 - Level 1.7 Dodging
 - Level 2.4 Stealth
 - Level 3.2 Spellcasting
 * Level 2.9 Conjurations
   Level 1.0 Summonings
   Level 0.8 Translocations


You had one spell level left.
You knew the following spells:

 Your Spells              Type           Power        Failure   Level  Hunger
a - Conjure Flame         Conj/Fire      #.......     26%         3    ###....
c - Magic Dart            Conj           ##..         4%          1    None
e - Mephitic Cloud        Conj/Pois/Air  #.......     32%         3    ###....

Your spell library contained the following spells:

 Spells                   Type           Power        Failure   Level  Hunger
 Call Imp                 Summ           #.......     16%         2    ##.....
 Slow                     Hex            #.......     24%         2    ##.....
 Blink                    Tloc           Unusable     N/A         2    N/A

Dungeon Overview and Level Annotations

Branches:
Dungeon (2/15)

Altars:

Annotations:
D:1 exclusion: vine stalker
D:2 Terence


Innate Abilities, Weirdness & Mutations

You cannot be hasted, slowed, berserked, paralysed or teleported.
You can dig through walls and to a lower floor.
Your four strong arms can wield two-handed weapons with a shield.
((You have a pair of large antennae on your head. (SInv)))


Message History

You feel sick. The adder bites you.
You are more poisoned.
The adder poisons you!
It was a potion of lignification.
You turn into a tree.
Your +0 robe melds into your body.
Your roots penetrate the ground.
You feel sick. The adder bites you but does no damage.
You closely miss the adder.
The adder is lightly wounded.
You feel sick.
The adder bites you but does no damage. x2
Your magical contamination has completely faded away.
You closely miss the adder.
The adder is lightly wounded.
You feel sick. The adder bites you.
You die...

......).....#.#
......!.......#
....########..##
. #...# #...#
#..l# #.#h#
#.#S# #.#♣#
.#######.#.#
...........#
#####...###
#.### #.#
@.######.#
.........#
#.######.#


You could see a black bear, an adder and a frilled lizard.

Vanquished Creatures
  An adder (D:2)
  A worm (D:2)
  2 leopard geckos (D:1)
  A ball python (D:2)
  4 bats
  A giant cockroach (D:1)
  3 hobgoblins
  3 kobolds (D:1)
  4 goblins
  2 rats
22 creatures vanquished.

Notes
Turn   | Place    | Note
-------+----------+-------------------------------------------
     0 | D:1      | DildoBatman the Formicid Wizard began the quest for the
                  | Orb.
     0 | D:1      | Reached XP level 1. HP: 13/13 MP: 4/4
     2 | D:1      | Noticed a vine stalker
     2 | D:1      | Noticed a draconian
     4 | D:1      | Noticed a halfling
     4 | D:1      | Noticed a felid
     6 | D:1      | Noticed a gargoyle
     6 | D:1      | Noticed a ghoul
     8 | D:1      | Noticed a human
    10 | D:1      | Noticed an ogre
    12 | D:1      | Noticed a dwarf
    14 | D:1      | Noticed an octopode
    14 | D:1      | Noticed a minotaur
    16 | D:1      | Noticed a troll
    16 | D:1      | Noticed a centaur
    18 | D:1      | Noticed a tengu
    20 | D:1      | Noticed a naga
    20 | D:1      | Noticed a vampire
    22 | D:1      | Noticed a demonspawn
    22 | D:1      | Noticed a merfolk
    24 | D:1      | Noticed a spriggan
    24 | D:1      | Noticed an elf
    26 | D:1      | Noticed a formicid
    26 | D:1      | Noticed a demigod
    50 | D:1      | Reached skill level 1 in Conjurations
   146 | D:1      | Reached XP level 2. HP: 17/19 MP: 1/6
   515 | D:2      | Reached XP level 3. HP: 23/24 MP: 3/7
   520 | D:2      | Learned a level 3 spell: Conjure Flame
   524 | D:2      | Learned a level 3 spell: Mephitic Cloud
   723 | D:2      | Noticed Terence
   756 | D:2      | Noticed a black bear
   777 | D:2      | Slain by an adder

Skill      XL: |  1  2 |
---------------+-------+-----
Conjurations   | 1 2 |  2.9
Dodging        | |  1.7
Stealth        | |  2.4
Spellcasting   | |  3.2
Summonings     | |  1.0
Translocations | |  0.8

Action                   || total
-------------------------++-------
Melee: Hand axe          ||    23
       Unarmed           ||     5
 Cast: Magic Dart        ||    38
  Use: Potion            ||     1
 Stab: Sleeping          ||     2
Armor: Robe              ||    10
       Skin              ||     3
Dodge: Dodged            ||    34
